Warning! The script has encountered some errors when parsing the replay. Please report them to the . » details
0x00, prev: 0x16: 16 02 01 00 7A 9A 00 00 52 D7 00 00 [00] 00 00 00 00 00 00 00 00 00 00 00 00 00 00 00 00 00 00 00 00 00 00 00 00 00
0x00, prev: 0x00: 16 02 01 00 7A 9A 00 00 52 D7 00 00 00 00 00 00 00 00 00 00 00 00 00 00 00 00 00 00 00 00 00 00 00 00 00 00 [00] 00
0x00, prev: 0x01: 16 02 01 00 DD 98 00 00 24 E6 00 00 00 00 00 00 00 00 00 00 00 00 00 00 00 00 00 00 00 00 00 00 00 00 00 00 01 [00]
General information
- name: BNet
- type: Ladder team game (AT/RT)
- host: Battle.net
- saver: brucewillisusa
map: GolemsInTheMist
- players: 8
- length: 07:43
- speed: Fast
- version: 1.23 W3XP
- replay type: Public
» download(36 KB)
Players
team 1 (winner)

»
brucewillisusa (
yellow | 62 APM | 212 actions | 03:25)
» actions
| Basic commands | 3 | |
| Build / train | 22 | |
| ESC pressed | 6 | |
| Enter build submenu | 16 | |
| Remove unit from queue | 6 | |
| Right click | 53 | |
| Select / deselect | 79 | |
| Use ability | 27 | |
212 total
» units
» buildings
| War Mill | 1 | |
| Orc Burrow | 1 | |
| Great Hall | 1 | |
| Watch Tower | 12 | |
| Stronghold | 1 | |
16 total
» build order
01:00 War Mill
01:13 Orc Burrow
02:04 Great Hall
02:15 Watch Tower
03:25 Watch Tower

»
mightygagnon1 (
orange | 52 APM | 179 actions | 03:25)
2 Far Seer
1 Feral Spirit
1 Chain Lighting
» actions
| Build / train | 23 | |
| Enter build submenu | 8 | |
| Enter hero's abilities submenu | 2 | |
| Right click | 60 | |
| Select / deselect | 72 | |
| Use ability | 14 | |
179 total
» units
» buildings
| Orc Burrow | 4 | |
| Altar of Storms | 1 | |
| Barracks | 1 | |
| War Mill | 1 | |
7 total
» build order
00:22 Orc Burrow
00:56 Altar of Storms
01:00 Barracks
01:57 Orc Burrow
02:46 Orc Burrow
03:25 War Mill
chaos_master92 (
teal | 26 APM | 88 actions | 03:25)
2 Lich
1 Frost Nova
1 Frost Armor
» actions
| Basic commands | 5 | |
| Build / train | 11 | |
| Enter build submenu | 8 | |
| Enter hero's abilities submenu | 2 | |
| Right click | 25 | |
| Select / deselect | 27 | |
| Use ability | 10 | |
88 total
» units
» buildings
| Altar of Darkness | 1 | |
| Crypt | 1 | |
| Ziggurat | 3 | |
| Graveyard | 1 | |
| Halls of the Dead | 1 | |
| Black Citadel | 1 | |
8 total
» build order
00:13 Altar of Darkness
00:19 Crypt
00:30 Ziggurat
02:17 Graveyard
02:27 Ziggurat
02:55 Ziggurat
03:25 Black Citadel
SkcaH (
blue | 65 APM | 222 actions | 03:25)
1 Mountain King
1 Storm Bolt
» actions
| Build / train | 32 | |
| Enter build submenu | 6 | |
| Enter hero's abilities submenu | 2 | |
| Right click | 81 | |
| Select / deselect | 90 | |
| Use ability | 11 | |
222 total
» units
» buildings
| Barracks | 1 | |
| Altar of Kings | 1 | |
| Farm | 3 | |
| Arcane Vault | 1 | |
6 total
» build order
00:07 Barracks
00:11 Altar of Kings
01:20 Farm
01:30 Farm
01:47 Farm
03:25 Arcane Vault
team 2 (loser)

»
Noobshouldie (
pink | 47 APM | 160 actions | 03:25)
1 Mountain King
1 Storm Bolt
1 Death Knight
1 Unholy Aura
» actions
| Build / train | 20 | |
| Enter build submenu | 13 | |
| Enter hero's abilities submenu | 2 | |
| Remove unit from queue | 2 | |
| Right click | 35 | |
| Select / deselect | 71 | |
| Use ability | 17 | |
160 total
» units
| Peasant | 8 | |
| Footman | 2 | |
| Rifleman | 4 | |
14 total
» buildings
| Altar of Kings | 1 | |
| Farm | 7 | |
| Barracks | 2 | |
| Lumber Mill | 1 | |
| Blacksmith | 1 | |
| Keep | 1 | |
13 total
» build order
00:24 Altar of Kings
00:45 Farm
01:01 Barracks
01:17 Lumber Mill
01:28 Farm
02:15 Farm
02:46 Blacksmith
03:25 Farm
rUshoff (
red | 60 APM | 205 actions | 03:25)
2 Crypt Lord
1 Spiked Carapace
1 Impale
» actions
| Basic commands | 3 | |
| Build / train | 14 | |
| Enter build submenu | 7 | |
| Enter hero's abilities submenu | 2 | |
| Right click | 113 | |
| Select / deselect | 53 | |
| Use ability | 13 | |
205 total
» units
| Acolyte | 2 | |
| Ghoul | 3 | |
| Crypt Fiend | 3 | |
| Goblin Shredder | 1 | |
9 total
» buildings
| Graveyard | 1 | |
| Crypt | 1 | |
| Ziggurat | 3 | |
| Altar of Darkness | 1 | |
| Nerubian Tower | 1 | |
| Tomb of Relics | 1 | |
8 total
» build order
00:17 Graveyard
00:22 Crypt
00:40 Ziggurat
01:02 Altar of Darkness
01:15 Ziggurat
02:01 Nerubian Tower
02:45 Tomb of Relics
02:58 Ziggurat
» items

»
stihystats (
green | 97 APM | 332 actions | 03:25)
2 Paladin
1 Holy Light
1 Divine Shield
» actions
| Basic commands | 2 | |
| Build / train | 26 | |
| Enter build submenu | 13 | |
| Enter hero's abilities submenu | 3 | |
| Remove unit from queue | 1 | |
| Right click | 132 | |
| Select / deselect | 130 | |
| Use ability | 25 | |
332 total
» units
» upgrades
» buildings
| Altar of Kings | 1 | |
| Farm | 3 | |
| Scout Tower | 5 | |
| Arcane Tower | 1 | |
| Lumber Mill | 1 | |
| Barracks | 1 | |
| Arcane Vault | 1 | |
| Guard Tower | 3 | |
| Keep | 1 | |
17 total
» build order
00:09 Altar of Kings
00:15 Farm
00:19 Farm
00:23 Scout Tower
00:48 Arcane Tower
01:31 Lumber Mill
01:43 Barracks
01:57 Farm
02:42 Arcane Vault
03:25 Keep
» items
MassPandaWorks (
purple | 75 APM | 257 actions | 03:25)
1 Death Knight
1 Death Coil
» actions
| Assign group hotkey | 4 | |
| Basic commands | 1 | |
| Build / train | 13 | |
| Enter build submenu | 14 | |
| Enter hero's abilities submenu | 1 | |
| Right click | 126 | |
| Select / deselect | 80 | |
| Select group hotkey | 3 | |
| Use ability | 15 | |
257 total
» units
» buildings
| Necropolis | 1 | |
| Ziggurat | 3 | |
| Crypt | 1 | |
| Nerubian Tower | 2 | |
| Altar of Darkness | 1 | |
| Graveyard | 2 | |
| Halls of the Dead | 1 | |
11 total
» build order
00:13 Necropolis
00:23 Ziggurat
00:46 Crypt
01:10 Ziggurat
01:27 Nerubian Tower
02:14 Altar of Darkness
02:53 Ziggurat
03:09 Nerubian Tower
03:17 Graveyard
03:25 Halls of the Dead
Chat log
(00:08 / Allies) mightygagnon1: rush
(00:15 / Allies) SkcaH: k
(00:16 / Allies) brucewillisusa: give me supplise for tower rush
(00:18 / Allies) brucewillisusa: or it wont work
(00:40 / Allies) brucewillisusa: hacks do u hack
(00:46 / Allies) SkcaH: no
(00:55 / Allies) SkcaH: i wish
(01:04 / Allies) brucewillisusa: hat do u mean i wish
(01:08 / Allies) brucewillisusa: if u want to hack jsut go download it
(01:32 / Allies) brucewillisusa: 40 wood pls
(01:43 / Allies) brucewillisusa: 30 wood
(02:39 / Allies) SkcaH: Rush?
(02:57 / Allies) mightygagnon1: why are you building another hall?!?!
(03:01 / Allies) brucewillisusa: so u can all tp there
(03:25 / All) brucewillisusa: gg